 Dungeon Crawl Stone Soup version 0.27.0-1-g7a089689b8 (webtiles) character file.

Game seed: 4707552907284891754

3697 HungrySpirit the Fighter (level 9, -8/75 HPs)
             Began as a Mummy Abyssal Knight on Aug 1, 2021.
             Was a Priest of Lugonu.
             Mangled by Prince Ribbit (16 damage)
             ... on level 8 of the Dungeon.
             The game lasted 00:18:03 (12400 turns).

HungrySpirit the Fighter (Mummy Abyssal Knight)    Turns: 12400, Time: 00:18:04

Health: -8/75      AC:  8    Str: 16    XL:     9   Next: 90%
Magic:  10/10      EV: 10    Int: 11    God:    Lugonu [***...]
Gold:   372        SH:  5    Dex: 14    Spells: 8/8 levels left

rFire    x . .     SeeInvis .   c - +2 demon trident
rCold    + . .     Faith    .   (no shield)
rNeg     + + +     Spirit   .   d - +0 ring mail
rPois    ∞         Reflect  +   a - +0 helmet
rElec    .         Harm     .   m - +0 cloak
rCorr    +         Rampage  .   (no gloves)
Will     +....                  (no boots)
Stlth    +.........             g - amulet of reflection
HPRegen  0.22/turn              b - ring of resist corrosion
MPRegen  0.12/turn              (no ring)

@: no status effects
A: cold resistance 1, negative energy resistance 3, torment resistance 2, heat
vulnerability 1, no potions
a: Renounce Religion, Depart the Abyss, Bend Space, Banish


You were on level 8 of the Dungeon.
You worshipped Lugonu.
Lugonu was most pleased with you.
You visited 1 branch of the dungeon, and saw 9 of its levels.
You visited the Abyss 1 time.

You collected 507 gold pieces.
You spent 135 gold pieces at shops.

Inventory:

Hand Weapons
 c - a +2 demon trident (weapon)
Missiles
 f - 64 poisoned darts (quivered)
Armour
 a - a +0 helmet (worn)
 d - a +0 ring mail (worn)
 m - a +0 cloak (worn)
Jewellery
 b - a ring of resist corrosion (left hand)
 g - an amulet of reflection (around neck)
 h - a ring of ice
Wands
 i - a wand of polymorph (11)
 k - a wand of iceblast (6)
 o - a wand of mindburst (12)
Scrolls
 e - 3 scrolls of amnesia
 j - a scroll of magic mapping {unknown}
 l - a scroll of summoning {unknown}
 n - a scroll of identify


   Skills:
 + Level 8.9 Fighting
 - Level 1.5 Short Blades
 * Level 8.1 Polearms
 + Level 5.5 Armour
 - Level 0.7 Dodging
 - Level 1.5 Invocations


You had 8 spell levels left.
You didn't know any spells.
Your spell library contained the following spells:

 Spells                   Type           Power      Damage    Failure   Level
 Summon Small Mammal      Summ           0%         N/A       54%         1
 Call Canine Familiar     Summ           0%         N/A       88%         3
 Summon Guardian Golem    Hex/Summ       0%         N/A       88%         3
 Animate Dead             Necr           0%         N/A       99%         4
 Cause Fear               Hex            0%         N/A       99%         4
 Borgnjor's Vile Clutch   Necr/Erth      0%         N/A       100%        5
 Death Channel            Necr           0%         N/A       100%        6
 Dragon's Call            Summ           0%         N/A       100%        9
 Dragon Form              Tmut           Unusable   N/A       N/A         7

Dungeon Overview and Level Annotations

Branches:
Dungeon (9/15)             Temple (0/1) D:7
   Lair: D:8-11         Orc: D:9-12

Altars:
Elyvilon
Fedhas
Gozag
Kikubaaqudgha
Okawaru
Xom

Shops:
D:4 [?:*

Annotations:
D:3 Sigmund
D:4 Menkaure
D:8 Erica, Prince Ribbit


Innate Abilities, Weirdness & Mutations

You are immune to poison.
Your flesh is cold resistant. (rC+)
You are immune to negative energy. (rN+++)
You are immune to unholy pain and torment.
You are vulnerable to heat. (rF-)
You do not drink.


Message History

Prince Ribbit says, "You're just another fly to me."
Prince Ribbit hits you but does no damage.
You hit Prince Ribbit.
Prince Ribbit is moderately wounded.
Prince Ribbit completely misses you.
You barely miss Prince Ribbit.
Prince Ribbit is moderately wounded.
Prince Ribbit blinks!
Prince Ribbit winks and puckers his lips.
You block Prince Ribbit's attack.
You puncture Prince Ribbit!
Prince Ribbit is heavily wounded.
Prince Ribbit blinks!
You start resting.
Prince Ribbit blinks!
No target in view!
You start resting.
Prince Ribbit is nearby!
You miss Prince Ribbit.
Prince Ribbit is heavily wounded.
Prince Ribbit hits you.
You completely miss Prince Ribbit.
Prince Ribbit is heavily wounded.
Prince Ribbit hits you!
You are too injured to fight recklessly!
You miss Prince Ribbit.
Prince Ribbit is heavily wounded.
Prince Ribbit hits you!
* * * LOW HITPOINT WARNING * * *
Prince Ribbit barely misses you.
You miss Prince Ribbit.
Prince Ribbit is heavily wounded.
Prince Ribbit closely misses you.
You closely miss Prince Ribbit.
Prince Ribbit is heavily wounded.
Prince Ribbit hits you!
* * * LOW HITPOINT WARNING * * *
Prince Ribbit hops awkwardly around.
Prince Ribbit hits you!
You die...

..##................#####
..###..#F.....#####.#
####......#.......# ##.#######
#.......##........# #.........
#.......###..>†§..####.........
##..).....##.###......#.........
............. ##.....#.........
.<.........########...#.........
....#........$..@F..............
...................#............
.####..............#............
.# .......#########...........
## ....# ............ ....
#########.### ... ..


You could see Prince Ribbit.

Vanquished Creatures
  2 trolls (D:7)
  A vampire (D:7)
  4 water moccasins
  An ice beast (D:5)
  A sky beast (D:7)
  2 black bears
  A necrophage (D:7)
  3 ogres
  2 centaurs (D:7)
  3 bullfrogs
  A gnoll sergeant (D:6)
  7 scorpions
  A water moccasin zombie (D:5)
  3 killer bees (D:7)
  4 wights
  2 centaur zombies
  2 bullfrog skeletons
  2 centaur skeletons
  A jelly (D:3)
  2 orc priests
  2 gnoll shamans (D:5)
  3 hounds
  2 iguanas
  A scorpion zombie (D:5)
  2 orc wizards (D:6)
  A hound skeleton (D:5)
  Robin (D:4)
  7 gnolls
  10 adders
  A howler monkey skeleton (D:5)
  2 white imps (D:7)
  10 orcs
  16 bats
  6 endoplasms
  14 goblins
  4 hobgoblins
  4 jackals (D:1)
  6 kobolds
  A quokka (D:3)
  6 ball pythons
  6 rats
150 creatures vanquished.

Vanquished Creatures (others)
  9 fungi (D:7)
  14 plants
23 creatures vanquished.

Grand Total: 173 creatures vanquished

Notes
Turn   | Place    | Note
-------+----------+-------------------------------------------
     0 | Abyss:1  | HungrySpirit the Mummy Abyssal Knight began the quest for
                  | the Orb.
     0 | Abyss:1  | Reached XP level 1. HP: 18/18 MP: 2/2
    27 | Abyss:1  | Noticed a small abomination
    56 | Abyss:2  | Noticed a worldbinder
    62 | Abyss:2  | Noticed a black mamba
    63 | D:1      | Escaped the Abyss
   539 | D:1      | Reached XP level 2. HP: 23/24 MP: 3/3
   572 | D:1      | Reached * piety under Lugonu
   590 | D:1      | Found a faded altar of an unknown god.
  1280 | D:2      | Reached skill level 1 in Polearms
  1280 | D:2      | Reached XP level 3. HP: 24/30 MP: 4/4
  1926 | D:2      | Found a shimmering altar of Xom.
  2274 | D:3      | Noticed Sigmund
  2536 | D:3      | Reached XP level 4. HP: 38/38 MP: 5/5
  3403 | D:4      | Found Biakoth's General Store.
  3409 | D:4      | Noticed Robin
  3434 | D:3      | Reached ** piety under Lugonu
  3821 | D:4      | Killed Robin
  3905 | D:4      | Noticed Menkaure
  4022 | D:4      | Reached skill level 5 in Fighting
  4022 | D:4      | Reached XP level 5. HP: 36/44 MP: 6/6
  4534 | D:4      | Found Zuck's Antique Armour Boutique.
  4891 | D:4      | Found Peuck's Magic Scroll Emporium.
  4896 | D:4      | Bought a scroll of teleportation for 30 gold pieces
  4896 | D:4      | Bought a scroll of teleportation for 30 gold pieces
  4896 | D:4      | Bought a scroll of blinking for 75 gold pieces
  5187 | D:4      | Found Jevos's Book Boutique.
  5198 | D:4      | Identified the +1 war axe of Kismet {venom, Str+3}
  5242 | D:4      | Reached XP level 6. HP: 50/52 MP: 7/7
  5483 | D:5      | Entered Level 5 of the Dungeon
  5722 | D:5      | Noticed an ice beast
  5753 | D:5      | Killed an ice beast
  5891 | D:5      | Reached XP level 7. HP: 42/59 MP: 8/8
  6335 | D:5      | Found an ancient bone altar of Kikubaaqudgha.
  6606 | D:5      | Found an opulent altar of Gozag.
  7185 | D:5      | Reached XP level 8. HP: 49/67 MP: 9/9
  7453 | D:6      | Reached skill level 5 in Polearms
  8894 | D:6      | Reached *** piety under Lugonu
  8994 | D:6      | Found a blossoming altar of Fedhas.
  9828 | D:7      | Reached XP level 9. HP: 71/74 MP: 10/10
 10028 | D:7      | Noticed a troll
 10898 | D:7      | Noticed a gargoyle
 11118 | D:7      | Noticed a troll
 11249 | D:7      | Killed a troll
 11250 | D:7      | Reached skill level 5 in Armour
 11564 | D:8      | Noticed Erica
 11873 | D:7      | Found an iron altar of Okawaru.
 12035 | D:7      | Found a staircase to the Ecumenical Temple.
 12081 | D:7      | Killed a troll
 12371 | D:8      | Noticed Prince Ribbit
 12400 | D:8      | Mangled by Prince Ribbit

Illustrated notes

Levels and vault maps discovered:
D:1:      sevenhm_arrival_forest_fort_small_5, layout_loops_ring,
          hellmonk_ecumenical_altar_heavens_door
D:2:      layout_basic, basic_altar
D:3:      layout_loops_ring, nicolae_sif_muna_little_library,
          kennysheep_cross_room, uniq_sigmund
D:4:      layout_basic, serial_shops, shop, nicolae_stop_n_shop_2,
          kennysheep_little_box, nicolae_shop_trees, uniq_robin, uniq_menkaure
D:5:      layout_basic, lemuel_crystal_altar,
          chequers_temple_overflow_statue_of_worship, kennysheep_generic_room_15
D:6:      layout_basic, overflow_temple_1_default
D:7:      old_forge, layout_loops_ring, kennysheep_okawaru_gauntlet,
          minmay_temple_entry_proselytizer, serial_bayou_pond_e,
          minmay_shattered_shrine
D:8:      layout_rooms, marbit_many_paths, worldfamousw_hep_ancestral_shrine,
          tso_metal_star, uniq_erica, uniq_prince_ribbit1
D:9:      layout_cave_pods, mainiacjoe_overflow_tiny_flanked,
          minmay_lair_entry_grove, gammafunk_ghost_hydra_chop, uniq_grum,
          uniq_pikel

Skill      XL: |  1  2  3  4  5  6  7  8  9 |
---------------+----------------------------+-----
Fighting       | 4 5 6 7 8 |  8.9
Polearms       | 1 2 3 4 6 8 |  8.1
Armour         | 2 3 4 5 |  5.5
Short Blades   | |  1.5
Dodging        | |  0.7
Invocations    | |  1.5

Action                   |  1- 3 |  4- 6 |  7- 9 || total
-------------------------+-------+-------+-------++-------
Melee: Demon trident     |    98 |   143 |   418 ||   659
Throw: Dart              |       |       |    20 ||    20
Invok: Depart the Abyss  |     1 |       |       ||     1
Evoke: Wand              |       |       |     6 ||     6
  Use: Scroll            |     3 |     6 |     7 ||    16
 Stab: Sleeping          |     5 |       |       ||     5
       Held in net/web   |       |       |     3 ||     3
Armor: Leather armour    |    24 |     9 |       ||    33
       Ring mail         |       |    29 |   174 ||   203
Dodge: Dodged            |    48 |    73 |   211 ||   332
Block: Other             |     6 |    32 |    95 ||   133
       Reflection        |       |       |     2 ||     2
